 Dungeon Crawl Stone Soup version 0.29-a0-414-g5075937ec3 (webtiles) character file.

Game seed: 18070404572728658535

216640 dolemite99 the Severer (level 18, -14/255 HPs)
             Began as a Deep Dwarf Fighter on May 16, 2022.
             Was a Believer of Elyvilon.
             Killed from afar by a titan (28 damage)
             ... with a bolt of lightning
             ... on level 2 of the Vaults.
             The game lasted 01:24:52 (40642 turns).

dolemite99 the Severer (Deep Dwarf Fighter)        Turns: 40642, Time: 01:24:53

Health: -14/255    AC: 25    Str: 27    XL:     18   Next: 36%
Magic:  7/7        EV: 12    Int: 10    God:    Elyvilon [**....]
Gold:   1118       SH: 18    Dex: 16    Spells: 17/17 levels left

rFire   + . .      SeeInvis .   a - +1 broad axe (vorpal)
rCold   + . .      Faith    .   h - +1 kite shield {rC+}
rNeg    + . .      Spirit   .   p - +1 plate armour {rF+}
rPois   .          Reflect  +   o - +2 helmet
rElec   .          Harm     .   r - +2 cloak
rCorr   +          Rampage  .   k - +0 pair of gloves of Qazlal's Pride {+Inv Dex+4}
Will    ++...                   (no boots)
Stlth   ..........              e - amulet of reflection
HPRegen 0.00/turn               y - ring of resist corrosion
MPRegen 0.10/turn               c - +4 ring of protection {=R}

@: berserking (expiring), lethally poisoned (-14 -> -14), marked, corroded, very
quick
A: damage resistance, heal wounds, negative energy resistance 1, sense
surroundings 3, no regeneration
}: 1/15 runes: serpentine
a: Heal Wounds, Renounce Religion, Evoke Invisibility, Purification, Heal Other


You were on level 2 of the Vaults.
You worshipped Elyvilon.
Elyvilon was pleased with you.
You visited 7 branches of the dungeon, and saw 31 of its levels.

You collected 4319 gold pieces.
You spent 3201 gold pieces at shops.

Inventory:

Hand Weapons
 a - a +1 vorpal broad axe (weapon)
 b - a +4 morningstar of holy wrath
 v - the +9 mace of Wu Jian's Grace {venom, *Noise rPois rCorr}
   (You found it on level 6 of the Lair of Beasts)

   It poisons the flesh of those it strikes.
   rPois:     It protects you from poison.
   *Noise:    It may make noises in combat.
   rCorr:     It protects you from acid and corrosion.
 N - the +7 broad axe "Byeti" {freeze, Drain +Blink rElec rPois}
   (You acquired it on level 2 of the Lair of Beasts)

   It freezes those it strikes, dealing additional cold damage.
   It can also slow down cold-blooded creatures.
   rElec:     It insulates you from electricity.
   rPois:     It protects you from poison.
   +Blink:    It lets you blink.
   Drain:     It drains your maximum health when unequipped.
 P - a +3 broad axe
 U - a +2 morningstar of holy wrath
Missiles
 j - 13 poisoned darts
 x - 10 curare-tipped darts
 M - 4 datura-tipped darts
 O - 3 boomerangs of dispersal
 T - 10 javelins (quivered)
Armour
 h - a +1 kite shield of cold resistance (worn)
 k - the +0 pair of gloves of Qazlal's Pride (worn) {+Inv Dex+4}
   (You bought it in a shop on level 2 of the Dungeon)

   Dex:       It affects your dexterity (+4).
   +Inv:      It lets you turn invisible.
 o - a +2 helmet (worn)
 p - a +1 plate armour of fire resistance (worn)
 r - a +2 cloak (worn)
 H - a +2 chain mail of willpower
Magical Staves
 w - a staff of air
Jewellery
 c - a +4 ring of protection (right hand) {=R}
 d - a ring of willpower
 e - an amulet of reflection (around neck)
 l - a ring of protection from fire
 q - a ring of poison resistance
 y - a ring of resist corrosion (left hand)
 D - a ring of protection from fire
Wands
 f - a wand of digging (14)
 B - a wand of paralysis (1)
 J - a wand of flame (13)
Scrolls
 i - 15 scrolls of teleportation
 s - 4 scrolls of poison
 u - 2 scrolls of silence
 E - 9 scrolls of identify {@r1}
 I - 2 scrolls of blinking
 K - 2 scrolls of brand weapon
 L - a scroll of magic mapping
 Q - 4 scrolls of vulnerability
 S - a scroll of amnesia
 Y - 5 scrolls of fog
Potions
 g - 3 potions of flight
 m - 10 potions of curing
 n - 2 potions of resistance
 t - 3 potions of magic
 z - 3 potions of cancellation
 A - 3 potions of lignification
 C - 3 potions of ambrosia
 V - a potion of berserk rage
 X - 4 potions of brilliance
Miscellaneous
 F - a box of beasts (inert)
 W - a lightning rod (3/4)


   Skills:
 + Level 12.7 Fighting
 - Level 15.9(18.0) Axes
 - Level 12.8(15.6) Maces & Flails
 - Level 10.5 Throwing
 + Level 12.8 Armour
 - Level 12.0 Dodging
 - Level 10.0 Shields
 + Level 15.3 Invocations
 - Level 11.6 Evocations


You had 17 spell levels left.
You didn't know any spells.
Your spell library contained the following spells:

 Spells                   Type           Power      Damage    Failure   Level
 Animate Skeleton         Necr           0%         N/A       99%         1
 Apportation              Tloc           0%         N/A       99%         1
 Beastly Appendage        Tmut           0%         N/A       99%         1
 Freeze                   Ice            0%         1d3       99%         1
 Pain                     Necr           0%         1d4       99%         1
 Ensorcelled Hibernation  Hex/Ice        0%         N/A       100%        2
 Passwall                 Tmut/Erth      0%         N/A       100%        2
 Sublimation of Blood     Necr           0%         N/A       100%        2
 Wereblood                Tmut           0%         N/A       100%        2
 Frozen Ramparts          Ice            0%         1d2       100%        3
 Inner Flame              Hex/Fire       0%         N/A       100%        3
 Spider Form              Tmut/Pois      0%         N/A       100%        3
 Stone Arrow              Conj/Erth      0%         3d7       100%        3
 Swiftness                Air            0%         N/A       100%        3
 Tukima's Dance           Hex            0%         N/A       100%        3
 Vampiric Draining        Necr           0%         2d6       100%        3
 Animate Armour           Summ/Erth      0%         N/A       100%        4
 Cause Fear               Hex            0%         N/A       100%        4
 Hailstorm                Conj/Ice       0%         3d3       100%        4
 Passage of Golubria      Tloc           0%         N/A       100%        4
 Alistair's Intoxication  Tmut/Pois      0%         N/A       100%        5
 Blade Hands              Tmut           0%         N/A       100%        5
 Fireball                 Conj/Fire      0%         3d3       100%        5
 Iskenderun's Battlesphe  Conj           0%         2d6       100%        5
 Yara's Violent Unravell  Hex/Tmut       0%         3d3       100%        5
 Conjure Ball Lightning   Conj/Air       0%         3x3d6     100%        6
 Iron Shot                Conj/Erth      0%         9d1       100%        6
 Starburst                Conj/Fire      0%         6d3       100%        6
 Spellforged Servitor     Conj/Summ      0%         N/A       100%        7
 Summon Hydra             Summ           0%         N/A       100%        7
 Borgnjor's Revivificati  Necr           0%         N/A       100%        8
 Discord                  Hex            0%         N/A       100%        8
 Ignition                 Fire           0%         3d3       100%        8


Dungeon Overview and Level Annotations

Branches:
Dungeon (15/15)            Temple (1/1) D:5            Lair (6/6) D:9
 Shoals (0/4) Lair:3        Snake (4/4) Lair:4        Slime (1/5) Lair:5
    Orc (2/2) D:12            Elf (0/3) Orc:2        Vaults (2/5) D:14
 Depths (0/4) D:15
  Crypt: Vaults:2-3

Altars:
Ashenzari
Cheibriados
Dithmenos
Elyvilon
Fedhas
Gozag
Hepliaklqana
Kikubaaqudgha
Makhleb
Nemelex Xobeh
Okawaru
Qazlal
Ru
Sif Muna
Trog
Uskayaw
Vehumet
Wu Jian
Xom
Yredelemnul
Zin
The Shining One
Beogh

Shops:
D:2 [=   D:9 *   Orc:1 *   Orc:2 *=([   Snake:1 *(?

Annotations:
D:10 1 runed translucent door
Lair:5 exclusion: oklob plant
Orc:1 1 transporter


Innate Abilities, Weirdness & Mutations

You are resistant to damage.
You can heal yourself by infusing magical energy.
You resist negative energy. (rN+)
You passively map a large area around you.
You do not regenerate.


Message History

The tengu reaver hits you with a +1 broad axe of flaming!!
* * * LOW HITPOINT WARNING * * *
The tengu reaver burns you. You block the tengu reaver's attack. x2
The tengu reaver hits you but does no damage.
The white very ugly thing pecks you but does no damage.
A titan comes into view.
You slice the tengu reaver!!
You kill the tengu reaver!
You slice the white very ugly thing!!
Your lightning rod (3/4) has regained one charge.
You slice the white very ugly thing!!
You kill the white very ugly thing!
The tengu reaver hits you from afar with a +4 glaive of freezing!!
* * * LOW HITPOINT WARNING * * *
The tengu reaver freezes you.
* * * LOW HITPOINT WARNING * * *
Something unseen breaks down the door.
You hit the titan but do no damage.
The tengu reaver hits you but does no damage.
You completely miss the titan. The titan hits you but does no damage.
A titan comes into view.
You barely miss the titan.
The tengu reaver hits you but does no damage.
You hit the titan.
The titan is lightly wounded.
You block the titan's attack.
You slash the titan!
The titan is moderately wounded.
You block the tengu reaver's attack.
You slice the titan!!
The titan is heavily wounded.
The titan hits you but does no damage.
You slice the titan!!
The titan is severely wounded.
You block the tengu reaver's attack.
You hit the titan.
The titan is severely wounded.
The titan points at you and mumbles some strange words.
The bolt of lightning hits you!!
You die...

...................)#
#######'##
##################'+#
#.......[) ....
........†..#
#.######## ...., ,
...........#
#...#.#...
################'####
#.#.#.#.#. ,,,
)):.+......#....#
#.#.#.#.#. ,,,
[:$#....?.#..).#
#.###.#.##
##############C####+#
#.#.......
.C.......Q)u.§QC@§..#
#.#####.##
..........Q..§§§§§§.#
#...#.....
#####''##############
#.###.#### ,.... , ,
, #.#.#.#.#. ,... , ,
, #.#.###.## ,.. ,,,,
, #....).... , Q , ,
,,,, ########'## , ,,
,, , #........# , , ,
, * #.....p..#


You could see 2 titans and a tengu reaver.

Vanquished Creatures
  Xtahua (Vaults:2)
  Jorgrun (D:13)
  Asterion (Snake:2)
  A sphinx (Vaults:2)
  2 tengu reavers (Vaults:2)
  A fire giant (D:15)
  4 nagarajas (Snake:4)
  3 vault wardens
  5 ironbound preservers
  A very ugly thing (Vaults:2)
  Nessos (D:14)
  A dire elephant (Vaults:1)
  A deep elf annihilator (Vaults:1)
  The ghost of Pooter the Basher, a journeyman DsBe of Trog (Lair:3)
  A deep elf death mage (Vaults:2)
  A jiangshi (Vaults:2)
  3 yaktaur captains
  An ettin (Vaults:1)
  2 great orbs of eyes (Vaults:2)
  A crystal guardian (Vaults:2)
  A deep elf high priest (Vaults:2)
  7 boulder beetles
  6 vault guards (Vaults:2)
  A peacekeeper (Vaults:2)
  2 ironbound frosthearts
  9 anacondas
  2 salamander tyrants (Snake:4)
  8 hydras
  10 two-headed ogres
  4 naga warriors
  A centaur warrior (D:10)
  4 catoblepae
  14 death yaks
  15 naga sharpshooters
  4 shock serpents
  2 tengu warriors
  A shock serpent (shapeshifter) (Vaults:2)
  Urug (D:14)
  Sonja (Lair:1)
  Amaemon (D:8)
  A salamander mystic (Snake:3)
  8 skeletal warriors
  8 naga ritualists
  3 orc knights
  16 deep trolls
  11 lindwurms
  4 ironbound convokers
  2 phantasmal warriors
  2 wizards
  Pikel (D:9)
  A deep elf pyromancer (D:11)
  11 mana vipers
  2 orc sorcerers (Orc:2)
  3 cyclopes
  8 ugly things
  5 manticores
  11 elephants
  Maurice (D:13)
  7 salamanders
  40 black mambas
  16 naga magi
  2 torpor snails
  5 vault sentinels
  18 cane toads
  2 unseen horrors
  An orange demon (D:8)
  5 rime drakes
  A kobold demonologist (D:11)
  6 komodo dragons
  13 yaktaurs
  An efreet (D:10)
  6 trolls
  2 polar bears
  A wind drake (Lair:3)
  3 queen bees (Lair:3)
  Prince Ribbit (D:8)
  5 meliai (Lair:3)
  4 hornets
  14 blink frogs
  29 slime creatures
  9 dream sheep
  2 centaur simulacra
  A shadow (D:7)
  2 vampires
  2 wraiths
  10 wyverns
  16 humans (D:14)
  97 yaks
  5 basilisks
  A steam dragon (D:6)
  6 vampire mosquitoes
  4 wargs
  40 nagas
  2 acid dragons
  A swamp drake (Lair:4)
  17 water moccasins
  7 ice beasts
  28 orc warriors
  3 sky beasts
  2 black bears
  A black bear (shapeshifter) (Vaults:2)
  6 ogres
  15 wolves
  21 centaurs
  3 boggarts (D:14)
  A phantom (D:4)
  4 lemures (D:9)
  3 kobold brigands
  A necrophage (D:7)
  A gnoll sergeant (D:10)
  3 scorpions
  13 bullfrogs
  50 killer bees
  2 vampire bats (D:15)
  2 howler monkeys
  An electric eel (Lair:6)
  2 hounds
  8 orc priests
  7 jellies
  3 iguanas
  A gnoll shaman (Orc:2)
  Natasha (twice) (D:2)
  15 orc wizards
  Ijyb (D:3)
  A mummy (D:12)
  Robin (D:3)
  14 gnolls
  6 adders
  2 river rats
  A shadow imp (D:6)
  An ufetubus (D:7)
  3 worms
  2 dart slugs (D:2)
  43 orcs
  9 ball pythons
  3 bat skeletons
  3 bat zombies (D:15)
  12 endoplasms
  14 goblins
  11 hobgoblins
  15 kobolds
  A quokka (D:2)
  A ball python skeleton (D:2)
  12 bats
  6 frilled lizards
  2 giant cockroach zombies (D:2)
  10 rats
1001 creatures vanquished.

Vanquished Creatures (collateral kills)
  A nagaraja (Snake:3)
  An ironbound thunderhulk (Vaults:2)
  2 vault guards (Vaults:2)
  A naga warrior (Snake:3)
  2 ugly things (Vaults:2)
  A naga mage (Snake:3)
  2 slime creatures (Vaults:2)
  A yak (Lair:1)
  A naga (Snake:3)
  2 orc warriors (Orc:2)
  2 centaurs (Orc:2)
  An orc (Orc:2)
17 creatures vanquished.

Vanquished Creatures (others)
  A tengu reaver (Vaults:2)
  A vault warden (Vaults:2)
  A yaktaur captain (Vaults:1)
  A vault guard (Vaults:2)
  2 hydras
  A skeletal warrior (D:14)
  A cyclops (D:14)
  A naga mage (Snake:3)
  A yak (Lair:6)
  4 orc warriors (Orc:2)
  29 fungi
  87 plants
  19 withered plants (D:2)
149 creatures vanquished.

Grand Total: 1167 creatures vanquished

Notes
Turn   | Place    | Note
-------+----------+-------------------------------------------
     0 | D:1      | dolemite99 the Deep Dwarf Fighter began the quest for the
                  | Orb.
     0 | D:1      | Reached XP level 1. HP: 20/20 MP: 1/1
   202 | D:1      | Reached XP level 2. HP: 22/27 MP: 2/2
  1037 | D:2      | Reached XP level 3. HP: 28/33 MP: 3/3
  1104 | D:2      | Noticed Natasha
  1105 | D:2      | Found the +4 dagger "Morg" {pain, Will+ Int+5}
  1125 | D:2      | Killed Natasha
  1273 | D:2      | Reached XP level 4. HP: 26/40 MP: 4/4
  1384 | D:2      | Found Boxiha's Antique Armour Shoppe.
  1441 | D:2      | Reached skill level 5 in Axes
  1595 | D:2      | Found Aridoj's Jewellery Boutique.
  1781 | D:2      | Noticed Natasha
  1795 | D:2      | Killed Natasha
  2154 | D:3      | Noticed Ijyb
  2171 | D:3      | Killed Ijyb
  2172 | D:3      | Reached XP level 5. HP: 46/46 MP: 5/5
  2526 | D:3      | Found a faded altar of an unknown god.
  2608 | D:3      | Noticed Robin
  2632 | D:3      | Killed Robin
  2633 | D:3      | Reached skill level 1 in Maces & Flails
  3499 | D:4      | Noticed a phantom
  3521 | D:4      | Killed a phantom
  3522 | D:4      | Reached XP level 6. HP: 42/55 MP: 5/5
  3617 | D:4      | Noticed a wyvern
  3626 | D:4      | Killed a wyvern
  3812 | D:5      | Entered Level 5 of the Dungeon
  3852 | D:5      | Reached skill level 5 in Maces & Flails
  3948 | D:5      | Reached XP level 7. HP: 36/61 MP: 6/6
  4030 | D:5      | Found a staircase to the Ecumenical Temple.
  4064 | Temple   | Entered the Ecumenical Temple
  4074 | Temple   | Became a worshipper of Elyvilon the Healer
  4471 | D:6      | Noticed a yak
  4492 | D:6      | Killed a yak
  4493 | D:6      | Reached XP level 8. HP: 46/68 MP: 7/7
  4678 | D:6      | Reached * piety under Elyvilon
  4873 | D:6      | Reached skill level 10 in Maces & Flails
  5170 | D:6      | Noticed a six-headed hydra
  5184 | D:6      | Killed a six-headed hydra
  5185 | D:6      | Gained mutation: You passively map the area around you.
                  | [Deep Dwarf growth]
  5185 | D:6      | Reached XP level 9. HP: 39/74 MP: 7/7
  5326 | D:6      | Killed an unseen horror
  5851 | D:7      | Reached ** piety under Elyvilon
  6041 | D:7      | Reached skill level 1 in Invocations
  6169 | D:7      | Found an ornate altar of the Wu Jian Council.
  6472 | D:8      | Noticed Amaemon
  6472 | D:8      | Noticed an orange demon
  6487 | D:8      | Killed Amaemon
  6488 | D:8      | Reached skill level 5 in Invocations
  6488 | D:8      | Reached XP level 10. HP: 59/81 MP: 8/11
  6493 | D:8      | Killed an orange demon
  6850 | D:8      | Found a glowing golden altar of the Shining One.
  6850 | D:8      | Found a hazy altar of Hepliaklqana.
  7040 | D:8      | Noticed Prince Ribbit
  7052 | D:8      | Killed Prince Ribbit
  7053 | D:8      | Reached skill level 5 in Armour
  7126 | D:8      | Reached *** piety under Elyvilon
  7411 | D:8      | Reached skill level 5 in Fighting
  7800 | D:9      | Reached XP level 11. HP: 29/96 MP: 14/14
  7880 | D:9      | Found a staircase to the Lair.
  7922 | Lair:1   | Entered Level 1 of the Lair of Beasts
  8186 | D:9      | Found a shimmering blue altar of Sif Muna.
  8378 | Lair:1   | Noticed a four-headed hydra
  8396 | Lair:1   | Killed a four-headed hydra
  8634 | Lair:1   | Reached skill level 5 in Evocations
  8827 | Lair:1   | Noticed Sonja
  8834 | Lair:1   | Killed Sonja
  8909 | Lair:2   | Identified a scroll of acquirement
  8909 | Lair:2   | Acquired the +7 broad axe "Byeti" {freeze, Drain +Blink
                  | rElec rPois}
  8941 | Lair:2   | Noticed a four-headed hydra
  8949 | Lair:2   | Pacified a four-headed hydra
  9044 | Lair:2   | Reached skill level 10 in Axes
  9065 | Lair:2   | Reached XP level 12. HP: 25/105 MP: 11/11
 10068 | Lair:3   | Noticed Pooter's ghost (journeyman DsBe)
 10424 | Lair:3   | Reached skill level 1 in Throwing
 10434 | Lair:3   | Reached **** piety under Elyvilon
 10599 | Lair:3   | Reached skill level 5 in Throwing
 10844 | Lair:3   | Found a staircase to the Shoals.
 10943 | Lair:3   | Found a transporter.
 10945 | Lair:3   | Found a transporter.
 11055 | Lair:3   | Reached XP level 13. HP: 39/111 MP: 9/12
 11748 | Lair:4   | Found a staircase to the Snake Pit.
 11755 | Lair:4   | Acquired 760 gold pieces
 12230 | Lair:5   | You fall into a shaft and drop 1 floor!
 12230 | Lair:6   | Entered Level 6 of the Lair of Beasts
 12436 | Lair:6   | Reached skill level 10 in Evocations
 12442 | Lair:6   | Reached skill level 10 in Throwing
 12480 | Lair:5   | Found a sacrificial altar of Ru.
 12488 | Lair:5   | Found a staircase to the Slime Pits.
 12737 | Lair:5   | Identified the ring of Negirrov {Fly Will- Str+5 Int+7}
 12924 | Lair:5   | Identified the +2 war axe "Ponkeduh" {elec, Str+2}
 13226 | Slime:1  | Entered Level 1 of the Pits of Slime
 13491 | Lair:6   | Gained mutation: You resist negative energy. (rN+) [Deep
                  | Dwarf growth]
 13491 | Lair:6   | Reached XP level 14. HP: 93/120 MP: 13/13
 14453 | Lair:6   | Reached skill level 10 in Invocations
 14484 | Lair:6   | Elyvilon protects you from harm!
 15674 | Lair:6   | Identified the +9 mace of Wu Jian's Grace {venom, *Noise
                  | rPois rCorr}
 16005 | D:9      | Found Bisch's Assorted Antiques.
 16006 | D:9      | Noticed Pikel
 16024 | D:9      | Killed Pikel
 16049 | D:9      | Bought a potion of heal wounds for 145 gold pieces
 16049 | D:9      | Bought a scroll of teleportation for 87 gold pieces
 16049 | D:9      | Bought a potion of heal wounds for 145 gold pieces
 16311 | D:10     | Entered Level 10 of the Dungeon
 16399 | D:10     | Reached skill level 5 in Shields
 16514 | D:10     | Identified the +0 scale mail "Voextin" {-Cast Dex+9 Slay-2
                  | Stlth+}
 16813 | D:10     | Found a runed translucent door.
 17131 | D:10     | Found a runed translucent door.
 17474 | D:11     | Reached XP level 15. HP: 47/132 MP: 14/14
 18645 | D:12     | You fall into a shaft and drop 2 floors!
 18694 | D:14     | Found an iron altar of Okawaru.
 19355 | D:12     | Found a staircase to the Orcish Mines.
 19537 | D:12     | Found a snail-covered altar of Cheibriados.
 19792 | Orc:1    | Entered Level 1 of the Orcish Mines
 19792 | Orc:1    | Found Zuqessa's Mayhem Merchandise.
 20024 | Orc:2    | Entered Level 2 of the Orcish Mines
 20050 | Orc:2    | Found a staircase to the Elven Halls.
 20223 | Orc:1    | Found a transporter.
 20710 | Orc:2    | Found Owemirph's Jewellery Shoppe.
 20710 | Orc:2    | Found Omevaype's Antique Weapon Boutique.
 20712 | Orc:2    | Found Oddaont's Antique Armour Shop.
 20714 | Orc:2    | Found Yfraudidu's Assorted Antiques.
 20725 | Orc:2    | Bought 2 sedimented inky potions for 57 gold pieces
 20729 | Orc:2    | Bought 2 potions of haste for 640 gold pieces
 20734 | Orc:2    | Bought a spiked chain mail for 209 gold pieces
 20734 | Orc:2    | Identified the +0 chain mail of Finuetri {Int+3} (You
                  | bought it in a shop on level 2 of the Orcish Mines)
 20737 | Orc:2    | Bought a glowing chain mail for 165 gold pieces
 21387 | D:2      | Bought a pair of polished gloves for 228 gold pieces
 21387 | D:2      | Identified the +0 pair of gloves of Qazlal's Pride {+Inv
                  | Dex+4} (You bought it in a shop on level 2 of the Dungeon)
 22185 | D:13     | Noticed Jorgrun
 22204 | D:13     | Killed Jorgrun
 22256 | D:13     | Reached skill level 10 in Fighting
 22519 | D:13     | Noticed Maurice
 22534 | D:13     | Killed Maurice
 23085 | D:2      | Bought a shiny chain mail for 180 gold pieces
 23897 | D:14     | Noticed Urug
 23909 | D:14     | Found a gate to the Vaults.
 23910 | D:14     | Noticed Nessos
 23925 | D:14     | Killed Nessos
 23957 | D:14     | Killed Urug
 24368 | D:15     | Entered Level 15 of the Dungeon
 24374 | D:15     | Found a staircase to the Depths.
 24375 | D:15     | Noticed a fire giant
 24391 | D:15     | Killed a fire giant
 25066 | Orc:1    | Bought a wand of iceblast (7) for 165 gold pieces
 25066 | Orc:1    | Bought a wand of iceblast (2) for 90 gold pieces
 25269 | D:15     | Found an ancient bone altar of Kikubaaqudgha.
 25272 | D:15     | Reached XP level 16. HP: 104/147 MP: 15/15
 25503 | Snake:1  | Entered Level 1 of the Snake Pit
 25817 | Snake:1  | Reached skill level 15 in Axes
 25966 | Snake:1  | Found Jigafon's General Store.
 25968 | Snake:1  | Found Raafonadgh's Antique Weapon Boutique.
 25970 | Snake:1  | Found Ovveelam's Magic Scroll Shop.
 25984 | Snake:1  | Bought a scroll of blinking for 120 gold pieces
 25984 | Snake:1  | Bought a scroll of blinking for 120 gold pieces
 25984 | Snake:1  | Bought a scroll of teleportation for 48 gold pieces
 25984 | Snake:1  | Bought a scroll of teleportation for 48 gold pieces
 25988 | Snake:1  | Bought a potion of cancellation for 88 gold pieces
 25988 | Snake:1  | Bought a scroll of teleportation for 33 gold pieces
 25990 | Snake:1  | Bought a runed morningstar for 308 gold pieces
 27406 | Lair:3   | Killed Pooter's ghost
 27552 | Snake:1  | Reached skill level 10 in Shields
 27733 | Snake:2  | Noticed Asterion
 27749 | Snake:2  | Killed Asterion
 27750 | Snake:2  | Reached skill level 10 in Armour
 29833 | Snake:3  | Reached skill level 1 in Dodging
 30651 | Snake:4  | Entered Level 4 of the Snake Pit
 31160 | Snake:4  | Identified the +9 dagger "Plog" {vamp, Dex+2}
 31200 | Snake:4  | Reached skill level 5 in Dodging
 31665 | Snake:4  | Reached XP level 17. HP: 90/157 MP: 16/16
 34140 | Snake:4  | Got a serpentine rune of Zot
 35291 | Orc:2    | Bought a ring of willpower for 325 gold pieces
 35487 | Vaults:1 | Entered Level 1 of the Vaults
 35622 | Vaults:1 | Got Sif Muna's Guide on Sinister Combat Magic
 35737 | Vaults:1 | Reached skill level 10 in Dodging
 36922 | Vaults:1 | Found the +2 cloak of the Thief {*Fog Slay-2 SInv Stlth+}
 37009 | Vaults:1 | Identified the +6 halberd of Nomi {flame, rF- rN+ Dex+7
                  | Stlth+}
 37833 | Vaults:1 | HP: 7/158 [yaktaur captain/bolt (26)]
 39120 | Vaults:2 | Gained mutation: You passively map a large area around you.
                  | [Deep Dwarf growth]
 39120 | Vaults:2 | Reached XP level 18. HP: 105/168 MP: 10/12
 39460 | Vaults:2 | Noticed Xtahua
 39486 | Vaults:2 | Killed Xtahua
 40428 | Vaults:2 | Reached skill level 15 in Invocations
 40642 | Vaults:2 | Killed from afar by a titan

Illustrated notes

Levels and vault maps discovered:
D:1:      nzn_arrival_crosshair, layout_loops_corners, minivault_24
D:2:      layout_basic, serial_forest, infiniplex_forest_lined_3_way,
          infiniplex_forest_lined_room_3, infiniplex_forest_clump_diagonal,
          infiniplex_forest_lined_4_way, infiniplex_forest_straight_2,
          infiniplex_forest_end_3, serial_shops, shop, shop_fountains,
          grunt_ministairs_11, st_stairs_12, amcnicky_mini_pool_small,
          dilly_guarded_unrand_morg
D:3:      layout_rooms, ebering_ecumenical_altar_box, uniq_robin, uniq_ijyb
D:4:      layout_gridville
D:5:      layout_cave_pools, temple_statues
D:6:      layout_loops_ring, hangedman_decor_clover_reticule, minmay_small_thing
D:7:      layout_cave_pods, mainiacjoe_overflow_surrounded_room, st_stairs_2,
          minmay_microvault
D:8:      layout_basic, grunt_temple_overflow_open, solitary_fountain,
          uniq_amaemon, uniq_prince_ribbit1
D:9:      minmay_twisted_water, layout_irregular_city,
          nicolae_sif_muna_little_library, serial_shops,
          nicolae_shop_window_shopping, uniq_pikel
D:10:     cheibrodos_histonic, layout_basic, minmay_fractal_squares_gapless_7
D:11:     layout_loops_corners, kennysheep_small_circle
D:12:     layout_loops_ring, david_orc_1_choice, chei_slow_surprise
D:13:     layout_stronghold, uniq_jorgrun, uniq_maurice
D:14:     layout_grid_maze, david_vaults_3, okawaru_metal_pillars_3,
          kennysheep_dice
D:15:     grunt_enter_depths_giant_problem, layout_rooms,
          kennysheep_vampire_church
Temple:   nicolae_temple_no_exploring_needed
Lair:1:   layout_big_grid, uniq_sonja
Lair:2:   layout_regular_city, serial_bayou_shore_a
Lair:3:   regret_index_combs_of_tragedy, layout_gridlike,
          minmay_shoals_entry_beasts, gammafunk_ghost_hive, special_room
          [special_room_bee], infiniplex_staircase_pool_2
Lair:4:   layout_roguey, dummy_snake_entry, serial_bayou, serial_bayou_pond_b,
          serial_bayou_pond_e, serial_bayou_pond_e, serial_bayou_lagoon_b,
          serial_bayou_pond_e, serial_bayou_pond_c
Lair:5:   layout_cave_shapes, nicolae_slime_entry_slimehenge,
          lemuel_oklob_altar, infiniplex_staircase_pool
Lair:6:   evilmike_catoblepas_cave, layout_gridlike,
          portal_ice_cave_entry_animals_and_master, grunt_megastairs_3
Snake:1:  layout_cave_shapes, minmay_shop_star, grunt_megastairs_4
Snake:2:  layout_chambers, chequers_hall_statues_corner_a, uniq_asterion
Snake:3:  layout_onion
Snake:4:  minmay_snake_end_coiled, layout_misc_corridors
Slime:1:  layout_caves, nicolae_slime_phagocytosis
Orc:1:    emtedronai_trogs_sanctum, layout_caves, basic_altar,
          minmay_shop_mayhem
Orc:2:    st_orc_rangers, layout_diamond_mine
Vaults:1: nicolae_vaults_branching_niches, v_misc_13, vaults_room_octagon,
          v_misc_32, grunt_vaults_swirl, nicolae_vaults_little_squares_4,
          ontoclasm_vaults_loading_screen, nicolae_vaults_alarming,
          layout_vaults_quadrants
Vaults:2: st_greater_box_4, vaults_room_door_ring,
          minmay_crypt_entry_simple_box, nicolae_vaults_network_quinsquares
          [nicolae_vaults_network_quincunx_subvault,
          nicolae_vaults_network_quincunx_subvault,
          nicolae_vaults_network_quincunx_subvault,
          nicolae_vaults_network_quincunx_subvault], v_misc_16,
          hangedman_vaults_locks, vaults_room_grunt_arrival_checkpoint,
          vaults_dpeg_doors, ontoclasm_vaults_eye,
          nicolae_vaults_diagonal_hallway_9, vaults_room_semicircle,
          layout_vaults_omnibox, uniq_xtahua

Skill      XL: |  1  2  3  4  5  6  7  8  9 10 11 12 13 14 15 16 17 18 |
---------------+-------------------------------------------------------+-----
Axes           | 3 4 5 6 10 12 14 15 | 15.9
Maces & Flails | 3 5 7 11 12 | 12.8
Invocations    | 5 8 11 12 13 14 15 | 15.3
Fighting       | 5 6 8 10 11 12 | 12.7
Armour         | 6 7 9 11 12 | 12.8
Evocations     | 7 11 | 11.6
Throwing       | 7 10 | 10.5
Shields        | 7 9 10 | 10.0
Dodging        | 6 12 | 12.0

Action                   |  1- 3 |  4- 6 |  7- 9 | 10-12 | 13-15 | 16-18 || total
-------------------------+-------+-------+-------+-------+-------+-------++-------
Melee: War axe           |    77 |    54 |       |    80 |       |       ||   211
       Unarmed           |       |    13 |       |       |       |       ||    13
       Mace              |       |   103 |   193 |   311 |     3 |       ||   610
       Broad axe         |       |       |       |   288 |  1129 |  1257 ||  2674
       Morningstar       |       |       |       |       |       |    55 ||    55
Throw: Dart              |       |       |     3 |    12 |   118 |    48 ||   181
       Stone             |       |       |       |     4 |     1 |       ||     5
       Javelin           |       |       |       |     2 |    44 |     2 ||    48
       Boomerang         |       |       |       |       |     7 |    50 ||    57
       Throwing net      |       |       |       |       |     1 |     1 ||     2
Invok: Heal Self         |       |       |       |    18 |    58 |    34 ||   110
       Heal Other        |       |       |       |     2 |     3 |    13 ||    18
 Abil: Heal Wounds       |       |     3 |     6 |    16 |    16 |    71 ||   112
       Evoke Blink       |       |       |       |       |     2 |       ||     2
Evoke: Wand              |       |       |     1 |    16 |    28 |    51 ||    96
       Lightning rod     |       |       |       |       |    32 |    32 ||    64
       Box of beasts     |       |       |       |       |       |     7 ||     7
  Use: Scroll            |     4 |     5 |     2 |    10 |    21 |    14 ||    56
       Potion            |       |       |     1 |     4 |    16 |    20 ||    41
 Stab: Paralysed         |       |       |       |     4 |       |    15 ||    19
       Invisible         |       |       |       |       |     1 |     2 ||     3
       Distracted        |       |       |       |       |     1 |     1 ||     2
Armor: Scale mail        |    37 |    54 |    38 |       |       |       ||   129
       Skin              |       |     4 |       |       |       |       ||     4
       Plate armour      |       |       |   100 |   356 |   282 |   254 ||   992
       Chain mail        |       |       |       |       |   336 |   283 ||   619
Dodge: Dodged            |    35 |    66 |    46 |   161 |   285 |   366 ||   959
Block: Buckler           |    50 |    70 |    93 |   315 |   308 |       ||   836
       Reflection        |     1 |     2 |       |       |    83 |   122 ||   208
       Other             |       |     6 |       |       |       |       ||     6
       Kite shield       |       |       |       |       |   487 |  1163 ||  1650

Table legend: (Time is in decaauts)
 A = Elapsed time spent in this place.
 B = Non-inter-level travel time spent in this place.
 C = Inter-level travel time spent in this place.
 D = Time resting spent in this place.
 E = Time spent auto-exploring this place.
 F = Levels seen in this place.
 G = Mean time per level.
                   A        B        C        D        E       F      G
               +--------+--------+--------+--------+--------+-----+--------+
         Total |  40208 |  35858 |   4350 |   9315 |  16477 |  31 | 1297.0 |
       Dungeon |  16671 |  14385 |   2286 |   2476 |   8034 |  15 | 1111.4 |
        Temple |     19 |      3 |     16 |      0 |      0 |   1 |   19.0 |
          Lair |   8340 |   7289 |   1051 |   1119 |   3490 |   6 | 1390.0 |
     Snake Pit |   8500 |   7933 |    567 |   3377 |   2785 |   4 | 2125.0 |
    Slime Pits |    141 |    141 |      0 |    100 |      0 |   1 |  141.0 |
  Orcish Mines |   1602 |   1305 |    297 |    100 |    745 |   2 |  801.0 |
        Vaults |   4932 |   4802 |    130 |   2143 |   1422 |   2 | 2466.0 |
               +--------+--------+--------+--------+--------+-----+--------+

Top non-repeatable levels by time:
Vaults:1: 3061 daAuts
 Snake:4: 2596 daAuts
 Snake:2: 2294 daAuts
  Lair:6: 2229 daAuts
Vaults:2: 1870 daAuts
 Snake:1: 1841 daAuts
 Snake:3: 1768 daAuts
  Lair:3: 1530 daAuts
     D:2: 1443 daAuts
    D:14: 1412 daAuts
    D:10: 1386 daAuts
  Lair:2: 1332 daAuts
    D:12: 1322 daAuts
     D:6: 1238 daAuts
    D:13: 1234 daAuts
